 Dungeon Crawl Stone Soup version 0.29.1-2-gbd0b4ee654 (webtiles) character file.

Game seed: 2156895655046077536

45 Linkola the Magician (level 3, 0/19 HPs)
             Began as a Deep Elf Venom Mage on Nov 6, 2022.
             Slain by a kobold
             ... wielding a +2 dagger of venom
              (3 damage)
             ... on level 3 of the Dungeon.
             The game lasted 00:08:41 (2368 turns).

Linkola the Magician (Deep Elf Venom Mage)          Turns: 2368, Time: 00:08:43

Health: 0/19       AC:  3    Str:  5    XL:     3   Next: 42%
Magic:  0/10       EV: 12    Int: 21    God:
Gold:   102        SH:  0    Dex: 15    Spells: 3/9 levels left

rFire   . . .      SeeInvis .   o - +0 dagger
rCold   . . .      Faith    .   (no shield)
rNeg    . . .      Spirit   .   a - +0 robe
rPois   .          Reflect  .   (no helmet)
rElec   .          Harm     .   (no cloak)
rCorr   .          Rampage  .   k - +0 pair of gloves
Will    .....                   (no boots)
Stlth   ++........              (no amulet)
HPRegen 0.06/turn               h - ring of flight
MPRegen 0.12/turn               (no ring)

@: lethally poisoned (0 -> -4), flying
A: no striking features
a: no special abilities


You were on level 3 of the Dungeon.
You visited 1 branch of the dungeon, and saw 3 of its levels.

You collected 102 gold pieces.

Inventory:

Hand Weapons
 o - a +0 dagger (weapon)
Armour
 a - a +0 robe (worn)
 k - a +0 pair of gloves (worn)
Jewellery
 h - a ring of flight (left hand)
 l - a +6 ring of intelligence
Scrolls
 c - a scroll of blinking
 f - a scroll of silence
 i - a scroll of fear {unknown}
 n - 2 scrolls of magic mapping {unknown}
Potions
 b - a potion of magic
 d - 4 potions of curing
 e - a potion of haste
 g - a potion of brilliance {unknown}
 j - a potion of flight {unknown}
 m - a potion of attraction {unknown}


   Skills:
 + Level 2.4 Dodging
 + Level 2.5 Stealth
 + Level 3.9 Spellcasting
 + Level 1.5 Transmutations
 * Level 1.4 Air Magic
 + Level 3.7 Poison Magic


You had 3 spell levels left.
You knew the following spells:

 Your Spells              Type           Power      Damage    Failure   Level
a - Sting                 Tmut/Pois      60%        1d6       4%          1
b - Poisonous Vapours     Pois/Air       30%        N/A       6%          2
c - Mephitic Cloud        Conj/Pois/Air  11%        N/A       19%         3

Your spell library contained the following spells:

 Spells                   Type           Power      Damage    Failure   Level
 Olgreb's Toxic Radiance  Pois           19%        N/A       26%         4


Dungeon Overview and Level Annotations

Branches:
Dungeon (3/15)

Altars:
Cheibriados


Message History

The jackal barely misses you.
You hit the jackal.
You kill the jackal!
The jackal misses you. The jackal attacks as you move away!
The jackal bites you but does no damage.
The jackal bites you. The jackal closely misses you.
You hit the jackal but do no damage.
The jackal bites you but does no damage.
The jackal bites you.
You hit the jackal but do no damage. The jackal barely misses you.
The jackal misses you.
The jackal bites you but does no damage.
The jackal closely misses you.
Aiming: Sting (safe; 4% risk of failure)
Press: ? - help, Q - select action, (/) - cycle Shift-Dir - straight line, f - jackal
Aim: a jackal (67% to hit)
The sting hits the jackal.
The jackal is poisoned.
The jackal is heavily wounded.
The jackal misses you. The jackal barely misses you.
You hit the jackal.
You kill the jackal!
The jackal barely misses you.
You closely miss the kobold. The jackal barely misses you.
The kobold hits you with a +2 dagger of venom.
You are poisoned.
A frilled lizard comes into view.
The jackal bites you.
You closely miss the kobold.
* * * LOW HITPOINT WARNING * * *
You feel sick.
The jackal bites you but does no damage.
The kobold closely misses you.
The frilled lizard hisses angrily.
You hit the jackal.
The jackal is moderately wounded.
* * * LOW HITPOINT WARNING * * *
You feel sick. The jackal closely misses you.
The kobold hits you with a +2 dagger of venom.
You die...

#..... .......
.........##....?..
.........)........
.................
.............).#
..............l#
#..............#
........K†...#
.......@h....###..
....#####.........
. #...).......
#.........##
#.....).....
#...........
#...........
#...........
..........).


You could see a jackal, a kobold and a frilled lizard.

Vanquished Creatures
  An adder (D:2)
  A dart slug (D:2)
  An orc (D:3)
  2 endoplasms (D:2)
  2 giant cockroaches (D:1)
  4 goblins
  4 hobgoblins
  3 jackals (D:3)
  A ball python (D:2)
  A frilled lizard (D:3)
  8 kobolds
  2 rats
30 creatures vanquished.

Notes
Turn   | Place    | Note
-------+----------+-------------------------------------------
     0 | D:1      | Linkola the Deep Elf Venom Mage began the quest for the
                  | Orb.
     0 | D:1      | Reached XP level 1. HP: 10/10 MP: 6/6
   872 | D:1      | Reached XP level 2. HP: 15/15 MP: 6/8
   875 | D:1      | Learned a level 2 spell: Poisonous Vapours
  1191 | D:2      | Found a snail-covered altar of Cheibriados.
  1585 | D:2      | Found a faded altar of an unknown god.
  1596 | D:2      | Reached skill level 1 in Air Magic
  1805 | D:2      | Reached XP level 3. HP: 19/19 MP: 5/10
  1809 | D:2      | Learned a level 3 spell: Mephitic Cloud
  2368 | D:3      | Slain by a kobold

Illustrated notes

Levels and vault maps discovered:
D:1:      ncdulo_lavacross, layout_basic
D:2:      layout_loops_ring, basic_ecumenical_altar, basic_altar,
          minmay_goblin_kobold_house
D:3:      layout_basic, dk_noncrumbling_2

Skill      XL: |  1  2 |
---------------+-------+-----
Air Magic      | 1 |  1.4
Dodging        | |  2.4
Stealth        | |  2.5
Spellcasting   | |  3.9
Transmutations | |  1.5
Poison Magic   | |  3.7

Action                   || total
-------------------------++-------
Melee: Dagger            ||     9
 Cast: Sting             ||    40
       Poisonous Vapours ||    19
  Use: Scroll            ||     3
Armor: Robe              ||    10
Dodge: Dodged            ||    30
